 Dungeon Crawl Stone Soup version 0.28.0-53-g5a82cb258f (webtiles) character file.

Game seed: 6060006910477011531

2100 Ashen the Thaumaturge (level 9, -1/62 (65) HPs)
             Began as a Gnoll Hedge Wizard on June 28, 2022.
             Slain by a killer bee (7 damage)
             ... on level 6 of the Dungeon on June 29, 2022.
             The game lasted 00:20:06 (6367 turns).

Ashen the Thaumaturge (Gnoll Hedge Wizard)          Turns: 6367, Time: 00:20:07

HP:   -1/62 (65)    AC:  4    Str: 16    XL:     9   Next: 28%
MP:   14/21         EV: 13    Int: 18    God:
Gold: 39            SH:  0    Dex: 11    Spells: 12/24 levels left

rFire   . . .      SeeInvis .   q - +1 dagger (venom)
rCold   . . .      Faith    .   e - +0 buckler
rNeg    . . .      Spirit   .   b - +0 robe
rPois   .          Reflect  .   c - +0 hat
rElec   .          Harm     .   t - +1 cloak
rCorr   .          Rampage  .   (no gloves)
Will    .....                   (no boots)
Stlth   +.........              d - amulet of regeneration
HPRegen 1.00/turn               r - +6 ring of strength
MPRegen 0.17/turn               (no ring)

@: confused, lethally poisoned (-1 -> -3), ambrosia-drunk, on blink cooldown,
very slightly contaminated, lightly drained
A: fangs 1, strong nose, distributed training
a: no special abilities


You were on level 6 of the Dungeon.
You visited 2 branches of the dungeon, and saw 8 of its levels.

You collected 323 gold pieces.
You spent 284 gold pieces at shops.

Inventory:

Hand Weapons
 l - the +9 mace "Noufam" {drain, Will+}
   (You found it on level 3 of the Dungeon)

   A truly terrible weapon, it drains the life of any living foe it strikes.
   Will:      It increases your willpower.
 q - a +1 dagger of venom (weapon)
Missiles
 p - 2 throwing nets
Armour
 b - a +0 robe (worn)
 c - a +0 hat (worn)
 e - a +0 buckler (worn)
 h - a +0 hat of stealth
 t - a +1 cloak (worn)
 u - a +0 kite shield
Jewellery
 d - an amulet of regeneration (around neck)
 m - an amulet of reflection
 r - a +6 ring of strength (left hand)
Wands
 n - a wand of polymorph (7)
Scrolls
 a - 2 scrolls of immolation {unknown}
 f - 3 scrolls of magic mapping {unknown}
 g - 7 scrolls of teleportation
 i - 4 scrolls of blinking {unknown}
 k - a scroll of amnesia {unknown}
 o - a scroll of fog {unknown}
 y - a scroll of enchant armour {unknown}
 B - 2 scrolls of noise {unknown}
Potions
 j - a potion of magic
 s - 3 potions of haste
 v - 2 potions of curing
 w - a potion of attraction
 z - a potion of mutation
 A - a potion of brilliance
 C - 2 potions of degeneration
 D - a potion of ambrosia


   Skills:
 + Level 4.1 Fighting
 + Level 4.1 Short Blades
 + Level 4.1 Long Blades
 + Level 4.1 Axes
 + Level 4.1 Maces & Flails
 + Level 4.1 Polearms
 + Level 4.1 Staves
 + Level 4.1 Slings
 + Level 4.1 Bows
 + Level 4.1 Crossbows
 + Level 4.1 Throwing
 + Level 4.1 Armour
 + Level 6.2 Dodging
 + Level 5.9 Stealth
 + Level 4.1 Shields
 + Level 4.1 Unarmed Combat
 + Level 8.3 Spellcasting
 + Level 4.0 Conjurations
 + Level 3.3 Hexes
 + Level 4.0 Summonings
 + Level 3.3 Necromancy
 + Level 4.0 Translocations
 + Level 3.3 Transmutations
 + Level 3.3 Fire Magic
 + Level 3.3 Ice Magic
 + Level 3.3 Air Magic
 + Level 3.3 Earth Magic
 + Level 3.3 Poison Magic
 + Level 4.5 Invocations
 + Level 4.1 Evocations


You had 12 spell levels left.
You knew the following spells:

 Your Spells              Type           Power      Damage    Failure   Level
a - Magic Dart            Conj           88%        1d7       2%          1
b - Blink                 Tloc           44%        N/A       3%          2
c - Call Imp              Summ           22%        N/A       3%          2
d - Mephitic Cloud        Conj/Pois/Air  20%        N/A       9%          3
e - Sticky Flame          Conj/Fire      20%        2d4       26%         4

Your spell library contained the following spells:

 Spells                   Type           Power      Damage    Failure   Level
 Sandblast                Erth           38%        2d10      3%          1
 Slow                     Hex            76%        N/A       3%          1
 Sting                    Tmut/Pois      76%        1d6       3%          1
 Corpse Rot               Necr/Air       38%        N/A       4%          2
 Passwall                 Tmut/Erth      15%        N/A       4%          2
 Poisonous Vapours        Pois/Air       38%        N/A       4%          2
 Conjure Flame            Conj/Fire      20%        6-21      8%          3
 Stone Arrow              Conj/Erth      40%        3d9       8%          3
 Ignite Poison            Fire/Tmut/Pois 19%        N/A       9%          3
 Dispel Undead            Necr           19%        3d11      30%         4
 Olgreb's Toxic Radiance  Pois           19%        N/A       30%         4
 Death Channel            Necr           9%         N/A       99%         6


Dungeon Overview and Level Annotations

Branches:
Dungeon (7/15)             Temple (1/1) D:5

Altars:
Ashenzari
Elyvilon
Fedhas
Gozag
Hepliaklqana
Makhleb
Nemelex Xobeh
Okawaru
Qazlal
Uskayaw
Vehumet
Wu Jian
Yredelemnul
The Shining One

Shops:
D:2 (   D:7 *=[

Annotations:
D:5 2 transporters


Innate Abilities, Weirdness & Mutations

You have very sharp teeth.
Your uncanny sense of smell can sniff out nearby items.
Your experience applies equally to all skills.


Message History

You feel sick.
You are no longer poisoned.
Your magical contamination has completely faded away.
The killer bee completely misses you.
The killer bee stings you but does no damage.
There is a stone staircase leading up here.
The killer bee closely misses you. You block the killer bee's attack.
You climb upwards.
There is a stone staircase leading down here.
Casting: Mephitic Cloud (dangerous; 9% risk of failure)
Confirm with . or Enter, or press ? or * to list all spells.
You don't know that spell.
Unknown command.
Casting: Mephitic Cloud (dangerous; 9% risk of failure)
Confirm with . or Enter, or press ? or * to list all spells.
You miscast Blink.
You are very lightly contaminated with residual magic.
Nothing appears to happen.
The killer bee stings you.
The killer bee stings you but does no damage.
Casting: Blink (safe; 3% risk of failure)
Confirm with . or Enter, or press ? or * to list all spells.
You blink.
Casting: Blink (safe; 3% risk of failure)
Confirm with . or Enter, or press ? or * to list all spells.
A beastly little devil appears in a puff of flame.
The killer bee barely misses you. The killer bee stings you.
You are poisoned.
The killer bee poisons you!
You miss the killer bee.
You feel sick. The killer bee barely misses you.
You closely miss the killer bee.
You feel sick. The killer bee stings you!
* * * LOW HITPOINT WARNING * * *
You block the killer bee's attack.
Press: ? - help, v - describe, . - travel
Here: a killer bee (ally target)
The floor.
You are confused.
You feel invigorated.
You feel sick. The killer bee stings you.
* * * LOW HITPOINT WARNING * * *
Your crimson imp misses the killer bee.
The killer bee stings you!
You die...

# ###### # #....# ## ##
#....# #( .# #....# #.
.###....# ###### #.
..##....###########....#
#.
.................##..>.##
##
..###.##......##........#
#(
..###.#######...@y#.....##
###. ......#
#####5#......## ##...
##..### #....###..# #..##
#...## ####...##.# #.##
##...# ###..#.###.#
##.#.## ##....)..#
##.....####### ###...####
...#.........#####
#.#....##
.####.######(....#
#.#.##...


You could see a killer bee (ally target) and a friendly crimson imp (summoned).

Vanquished Creatures
  A steam dragon (D:7)
  A water moccasin (D:7)
  A sky beast (D:7)
  An ice beast (D:6)
  A black bear (D:7)
  A necrophage (D:6)
  An ogre (D:6)
  A phantom (D:6)
  4 scorpions (D:5)
  A bullfrog (D:6)
  A water moccasin zombie (D:5)
  6 killer bees (D:7)
  A howler monkey (D:7)
  A bullfrog zombie (D:5)
  2 hounds (D:5)
  2 jellies
  A centaur skeleton (D:7)
  6 iguanas
  3 orc wizards
  A hound zombie (D:5)
  4 adders
  4 gnolls
  3 ufetubi
  An adder skeleton (D:4)
  4 dart slugs
  4 orcs
  7 bats
  11 endoplasms
  7 giant cockroaches
  6 goblins
  7 hobgoblins
  10 kobolds
  3 quokkas
  7 ball pythons
  2 frilled lizards (D:1)
  6 rats
  A toadstool (D:1)
124 creatures vanquished.

Vanquished Creatures (collateral kills)
  A bullfrog (D:7)
1 creature vanquished.

Vanquished Creatures (others)
  2 killer bees (D:7)
  3 toadstools (D:1)
5 creatures vanquished.

Grand Total: 130 creatures vanquished

Notes
Turn   | Place    | Note
-------+----------+-------------------------------------------
     0 | D:1      | Ashen the Gnoll Hedge Wizard began the quest for the Orb.
     0 | D:1      | Reached XP level 1. HP: 13/13 MP: 8/8
   348 | D:1      | You fall into a shaft and drop 1 floor!
   483 | D:2      | Reached XP level 2. HP: 16/19 MP: 10/10
   966 | D:1      | Reached XP level 3. HP: 25/25 MP: 9/11
  1114 | D:1      | Found a faded altar of an unknown god.
  1147 | D:1      | Learned a level 2 spell: Blink
  1160 | D:1      | Learned a level 2 spell: Call Imp
  1164 | D:1      | Learned a level 3 spell: Mephitic Cloud
  1329 | D:1      | Reached skill level 1 in Invocations
  1731 | D:2      | Reached skill level 1 in Fighting
  1731 | D:2      | Reached skill level 1 in Short Blades
  1731 | D:2      | Reached skill level 1 in Long Blades
  1731 | D:2      | Reached skill level 1 in Axes
  1731 | D:2      | Reached skill level 1 in Maces & Flails
  1731 | D:2      | Reached skill level 1 in Polearms
  1731 | D:2      | Reached skill level 1 in Staves
  1731 | D:2      | Reached skill level 1 in Slings
  1731 | D:2      | Reached skill level 1 in Bows
  1731 | D:2      | Reached skill level 1 in Crossbows
  1731 | D:2      | Reached skill level 1 in Throwing
  1731 | D:2      | Reached skill level 1 in Armour
  1731 | D:2      | Reached skill level 1 in Shields
  1731 | D:2      | Reached skill level 1 in Unarmed Combat
  1731 | D:2      | Reached skill level 1 in Evocations
  1844 | D:2      | Reached XP level 4. HP: 32/32 MP: 13/13
  2120 | D:2      | Reached skill level 1 in Hexes
  2120 | D:2      | Reached skill level 1 in Necromancy
  2120 | D:2      | Reached skill level 1 in Transmutations
  2120 | D:2      | Reached skill level 1 in Fire Magic
  2120 | D:2      | Reached skill level 1 in Ice Magic
  2120 | D:2      | Reached skill level 1 in Air Magic
  2120 | D:2      | Reached skill level 1 in Earth Magic
  2120 | D:2      | Reached skill level 1 in Poison Magic
  2258 | D:2      | Found Xaciu's Weapon Shop.
  2874 | D:3      | Reached XP level 5. HP: 34/37 MP: 2/14
  3123 | D:3      | Identified the +9 mace "Noufam" {drain, Will+}
  3272 | D:3      | Found a glowing golden altar of the Shining One.
  3507 | D:4      | Found a sparkling altar of Nemelex Xobeh.
  3531 | D:4      | Found a hide-covered altar of Uskayaw.
  3821 | D:4      | Reached XP level 6. HP: 40/44 MP: 16/16
  4120 | D:5      | Entered Level 5 of the Dungeon
  4192 | D:2      | Bought a +1 dagger of venom for 94 gold pieces
  4257 | D:5      | Reached skill level 5 in Dodging
  4338 | D:5      | Found a transporter.
  4470 | D:5      | Found a staircase to the Ecumenical Temple.
  4480 | Temple   | Entered the Ecumenical Temple
  4722 | D:5      | Reached XP level 7. HP: 40/50 MP: 13/18
  4833 | D:5      | Found a transporter.
  5007 | D:5      | Learned a level 4 spell: Sticky Flame
  5085 | D:6      | Reached skill level 5 in Stealth
  5298 | D:5      | Reached XP level 8. HP: 43/57 MP: 19/19
  5658 | D:6      | Found a broken altar of Ashenzari.
  5778 | D:7      | Found Xoeraw's Armour Shoppe.
  5787 | D:7      | Found Wiac's Assorted Antiques.
  5798 | D:7      | Bought a scroll labelled XUBUKINLYMM for 28 gold pieces
  5798 | D:7      | Bought a scroll labelled XAOWNA VICW for 28 gold pieces
  5798 | D:7      | Bought a murky green potion for 25 gold pieces
  5798 | D:7      | Bought an emerald potion for 25 gold pieces
  5798 | D:7      | Bought a scroll labelled WEWYKHL TAIS for 28 gold pieces
  5798 | D:7      | Bought a scroll labelled UXKOPR TITH for 28 gold pieces
  5798 | D:7      | Bought a scroll labelled WEWYKHL TAIS for 28 gold pieces
  5809 | D:7      | Found Taliesy's Jewellery Boutique.
  5836 | D:7      | Reached skill level 8 in Spellcasting
  6033 | D:7      | Noticed a cyan ugly thing
  6049 | D:7      | Reached XP level 9. HP: 14/65 MP: 11/21
  6324 | D:7      | Noticed a death knight
  6367 | D:6      | Slain by a killer bee

Illustrated notes

Levels and vault maps discovered:
D:1:      ldierk_water_garden, layout_rooms, hellmonk_ecumenical_altar_zigzags,
          kennysheep_minor_cross
D:2:      minmay_door_path, layout_loops_ring, serial_shops,
          nicolae_shop_hallway_stairs, minmay_worlds_worst_comb
D:3:      layout_loops_cross, tso_metal_star
D:4:      layout_loops_ring, nemelex_spade_bored_becter,
          mainiacjoe_overflow_concentric_impassable
D:5:      gammafunk_steamed_eel, layout_rooms, minmay_temple_entry_hall
D:6:      layout_rooms, ashenzari_altar_1
D:7:      cheibrodos_barr_body, layout_cave_pools, lemuel_tele_altar,
          serial_shops, shop, nicolae_inconvenience_store, nicolae_diamond_shop,
          shop, shop, enter_bailey_5, minmay_misc_feat_roman
Temple:   dpeg_chambers_temple

Skill      XL: |  1  2  3  4  5  6  7  8  9 |
---------------+----------------------------+-----
Conjurations   | 2 3 4 |  4.0
Summonings     | 2 3 4 |  4.0
Translocations | 2 3 4 |  4.0
Invocations    | 1 2 3 4 |  4.5
Fighting       | 1 2 3 4 |  4.1
Short Blades   | 1 2 3 4 |  4.1
Long Blades    | 1 2 3 4 |  4.1
Axes           | 1 2 3 4 |  4.1
Maces & Flails | 1 2 3 4 |  4.1
Polearms       | 1 2 3 4 |  4.1
Staves         | 1 2 3 4 |  4.1
Slings         | 1 2 3 4 |  4.1
Bows           | 1 2 3 4 |  4.1
Crossbows      | 1 2 3 4 |  4.1
Throwing       | 1 2 3 4 |  4.1
Armour         | 1 2 3 4 |  4.1
Shields        | 1 2 3 4 |  4.1
Unarmed Combat | 1 2 3 4 |  4.1
Evocations     | 1 2 3 4 |  4.1
Hexes          | 1 2 3 |  3.3
Necromancy     | 1 2 3 |  3.3
Transmutations | 1 2 3 |  3.3
Fire Magic     | 1 2 3 |  3.3
Ice Magic      | 1 2 3 |  3.3
Air Magic      | 1 2 3 |  3.3
Earth Magic    | 1 2 3 |  3.3
Poison Magic   | 1 2 3 |  3.3
Dodging        | 5 6 |  6.2
Stealth        | 5 |  5.9
Spellcasting   | 8 |  8.3

Action                   |  1- 3 |  4- 6 |  7- 9 || total
-------------------------+-------+-------+-------++-------
Melee: Dagger            |    65 |    73 |   154 ||   292
       Bite              |     8 |    11 |    19 ||    38
       Mace              |       |    50 |    16 ||    66
 Cast: Magic Dart        |    88 |    71 |    16 ||   175
       Call Imp          |       |     3 |     4 ||     7
       Mephitic Cloud    |       |     1 |     4 ||     5
       Blink             |       |     1 |     3 ||     4
  Use: Scroll            |       |       |    10 ||    10
       Potion            |       |       |     2 ||     2
 Stab: Sleeping          |     4 |     9 |     5 ||    18
Armor: Robe              |    19 |    16 |    27 ||    62
Dodge: Dodged            |    45 |    83 |   105 ||   233
Block: Buckler           |     6 |    23 |    22 ||    51
       Kite shield       |       |       |    22 ||    22
